[Event "Early-Titled-Tuesday-Blitz-March-05-2024"]
[Site "Chess.com"]
[Date "2024.03.05"]
[Round "3"]
[White "Volodar_Murzin"]
[Black "AlexTruskavetsky"]
[Result "1-0"]
[WhiteElo "2950"]
[BlackElo "2690"]
[TimeControl "180+1"]
[EndTime "8:32:47 PST"]
[Termination "Volodar_Murzin won by resignation"]

1. d4 Nf6 2. Nf3 e6 3. Bg5 Be7 4.
Nbd2 d5 5. e3 O-O 6. Bd3 c5 7.
c3 Nc6 8. Ne5 h6 9. Bf4 Bd6 10.
Qf3 Qc7 11. Nxc6 Bxf4 12. Qxf4 Qxc6 13. Nf3 Nd7 14. h4 f6 15. Qg3 cxd4 16. cxd4 Qb6 17. O-O f5 18. b3 Nf6 19. Ne5 Bd7 20. Rfc1 Rfc8 21. Qf3 Bb5 22. Qd1 Bxd3 23. Nxd3 Qd6 24. Qe1 b6 25. Qb4 Qxb4 26. Nxb4 Kf7 27. Nc6 Ke8 28. b4 Rc7 29. b5 Rac8 30. a4 a5 31. f3 Ng8 32. Re1 Ne7 33. Ne5 Rc2 34. Kh2 Rd2 35.
Kg3 Rcc2 36. Rg1 g5 37. hxg5 hxg5 38. Kh3 f4 39. exf4 gxf4 40. Rad1 Nf5 41. Ng6 Nxd4 42.
Nxf4 Kd7 43. Rge1 Rxd1 44. Rxd1 Nf5 45. g4 Ne3 46. Re1 Rc3 47. g5 d4 48. g6 Nf5 49.
Kg4 Rc2 50. Kg5 Rc8 51. Rxe6 d3 52. Kxf5 d2 53. Re5 d1=Q 54. Rd5+ Qxd5+ 55. Nxd5 Kd6 56. Nxb6 Rf8+ 57. Kg5 Ke6 58. f4 Rf5+ 59. Kg4 Kf6 60. Nc4 Kxg6 61. b6 Rf8 62. Nxa5 Rb8 63. Nc4 Kf6 64. a5 Ke6 65. a6 Kd5 66. a7 Rg8+ 67.
Kf5 Kc6 68. Ke6 Kb7 69. f5 Re8+ 70. Kd7 Rf8 71. Ke6 Re8+ 72. Kf7 Rd8 73. f6 Rd4 74. Na5+ Ka8 75. b7+ Kxa7 76. Nc6+ Kxb7 77. Nxd4 1-0

[Event "Early-Titled-Tuesday-Blitz-March-05-2024"]
[Site "Chess.com"]
[Date "2024.03.05"]
[Round "3"]
[White "PolandHussars"]
[Black "MarijaKuznecova"]
[Result "1/2-1/2"]
[WhiteElo "2555"]
[BlackElo "2345"]
[TimeControl "180+1"]
[EndTime "8:32:47 PST"]
[Termination "Game drawn - insufficient material"]

1. e4 c5 2. Ne2 Nc6 3. g3 g6 4. Bg2 Bg7 5. c3 e5 6. d3 d6 7. Be3 Nge7 8. d4 exd4 9. cxd4 O-O 10. Nbc3 cxd4 11. Nxd4 Be6 12. Nxe6 fxe6 13. O-O Rc8 14. Qb3 Qd7 15. Bh3 Nd8 16. Bxa7 Rf3 17. Be3 Nec6 18.
Bg2 Rf8 19. Rad1 Na5 20. Qb5 Qxb5 21. Nxb5 Bxb2 22. Nxd6 Rc2 23. Rd2 Rxd2 24. Bxd2 Ndc6 25. f4 Rd8 26. e5 Ba3 27. Rb1 Bxd6 28. exd6 Rxd6 29.
Be1 Rd7 30. Bf1 Rd4 31. Rb5 Ra4 32. Rb2 Nd4 33. Kg2 b5 34. Bf2 Nc4 35. Bxc4 Rxc4 36. Kh3 b4 37. Rd2 Nf3 38. Rb2 Nd4 39. Be1 Nc2 40. Bd2 Kf7 41. Kg2 Kf6 42. Kf2 e5 43.
Ke2 e4 44. Kd1 Nd4 45. Rxb4 Rxb4 46. Bxb4 Nf3 47. h3 Ke6 48. a4 Kd5 49. a5 Kc6 50.
h4 Kb5 51. Bc3 Nh2 52. Ke2 Ng4 53. Be1 h5 54. Bc3 Ka6 55. Kd2 Kb5 56. Kc2 Ne3+ 57.
Kb3 Nd5 58. Be1 Ne3 59. Kc3 Nf5 60. Kb3 Nd4+ 61. Kc3 Nf3 62. Bf2 Kxa5 63. Kc4 Ka4 64.
Kd5 Nd2 65. Be3 Nf1 66. Kxe4 Nxg3+ 67. Kf3 Nf5 68. Bf2 Kb5 69. Ke4 Kc6 70. Ke5 Kd7 71.
Kf6 Ne7 72. Bc5 Nd5+ 73. Kg5 Ke6 74. Kxg6 Nxf4+ 75. Kg5 Ng2 76. Kxh5 Nxh4 1/2-1/2

[Event "Early-Titled-Tuesday-Blitz-March-05-2024"]
[Site "Chess.com"]
[Date "2024.03.05"]
[Round "3"]
[White "mertfelin"]
[Black "abelmat"]
[Result "0-1"]
[WhiteElo "2338"]
[BlackElo "2052"]
[TimeControl "180+1"]
[EndTime "8:32:50 PST"]
[Termination "abelmat won by resignation"]

1. e4 e6 2. d4 d5 3. Nc3 dxe4 4. Nxe4 Nd7 5. Nf3 Ngf6 6. Nxf6+ Nxf6 7. c3 c5 8. Bd3 cxd4 9. cxd4 Bd6 10. O-O O-O 11.
Re1 b6 12. Ne5 Bb7 13. a4 Bb4 14. Bd2 Qxd4 15. Bxb4 Qxb4 16. Qe2 Rad8 17. Red1 Qf4 18. f3 g6 19. Kh1 Nh5 20. Ng4 Qg5 21. Be4 Bxe4 22.
Qxe4 Rxd1+ 23. Rxd1 Rd8 24. Re1 Qh4 25. Kg1 Qg5 26. b4 Nf6 27. Nxf6+ Qxf6 28. Kh1 Qc3 29. h4 Rd4 30. Qa8+ Kg7 31. Re4 Qxb4 32. Rxd4 Qxd4 33.
Qxa7 Qxh4+ 34. Kg1 Qe1+ 35. Kh2 Qe3 36. Qd7 Qe5+ 37.
Kg1 Qe3+ 38. Kf1 h5 39. Qb5 h4 40. Qc4 h3 41. gxh3 Qxf3+ 42. Ke1 Qg3+ 43. Ke2 Qxh3 44. Qd4+ Kh7 45. Qxb6 Qg4+ 46. Kf1 Qxa4 47. Qd8 Qf4+ 48.
Kg2 Kg7 49. Qd7 Qf6 50. Qd3 e5 51. Qd5 Qf4 52. Qb7 Qd4 53. Kf1 e4 54. Ke2 Qd3+ 55. Ke1 e3 56. Qb2+ Kh7 57. Qa2 Qf5 58. Qh2+ Kg8 59.
Qb8+ Kg7 60. Qb2+ f6 61. Qb7+ Kh6 62. Qh1+ Kg5 63. Qg2+ Kf4 64. Qf1+ Ke4 65. Qc4+ Ke5 66. Qc5+ Ke4 67. Qc4+ Kf3 68. Qf1+ Kg4 69. Qg2+ Kh5 70. Qh1+ Kg5 71. Qg2+ Qg4 72. Qd5+ f5 73. Qd8+ Kh5 74. Qh8+ Kg5 75. Qd8+ Kf4 76. Qd4+ Kf3 77. Qd1+ Kg3 78. Qd6+ f4 79. Qc7 g5 80. Qd7 Qxd7 0-1

[Event "Early-Titled-Tuesday-Blitz-March-05-2024"]
[Site "Chess.com"]
[Date "2024.03.05"]
[Round "3"]
[White "vladgoncharov"]
[Black "Misterfox120"]
[Result "1-0"]
[WhiteElo "2644"]
[BlackElo "2471"]
[TimeControl "180+1"]
[EndTime "8:32:51 PST"]
[Termination "vladgoncharov won on time"]

1. d4 d5 2. c4 e6 3. Nc3 a6 4. cxd5 exd5 5. g3 c6 6. Bg2 Nf6 7. Bf4 Bd6 8. Bxd6 Qxd6 9. Qb3 O-O 10. Nf3 Re8 11. O-O Qe7 12. e3 Bf5 13. Rac1 Ne4 14.
Na4 Nd6 15. Nb6 Nd7 16. Nxa8 Rxa8 17. Nd2 a5 18. Rfe1 Rc8 19. Qa3 b6 20. e4 dxe4 21. Nxe4 Bxe4 22. Bxe4 Qf6 23. Bg2 c5 24. dxc5 Nxc5 25.
Rcd1 Nc4 26. Qc3 Nxb2 27. Qxf6 gxf6 28. Rd6 Nc4 29. Rxf6 Kg7 30. Rf5 Nd6 31. Rd5 Nb5 32.
Rg5+ Kf6 33. Rh5 Kg6 34. g4 f6 35. Be4+ Nxe4 36. Rxb5 Nd2 37. Re2 Nc4 38. Kg2 Rc6 39. h3 Nd6 40. Kg3 Kf7 41. Rd5 Nc4 42. Rc2 Ne5 43.
Rxc6 Nxc6 44. Rd6 Nb4 45. Rxb6 Nxa2 46. Ra6 Nc3 47. Rxa5 Ne4+ 48. Kg2 Nd6 49. Ra7+ Kg6 50. f4 Ne4 51. Kf3 Nd2+ 52. Kg2 Nc4 53. Ra6 Ne3+ 54. Kf3 Nd5 55. g5 Kf5 56. gxf6 Nxf6 57. Ra5+ Kg6 58. h4 h5 59. Rg5+ Kf7 60. f5 Ke7 61. Kf4 Kf7 62. Ke5 Nd7+ 63. Kd6 Nf6 64. Rg6 Ne4+ 65. Ke5 Nc5 66. Kf4 Nd3+ 67. Kg5 Ne5 68. Kxh5 Nd7 69. Kg5 Nf8 70. Re6 Nh7+ 71. Kf4 Nf8 72. Ra6 Kg7 73. h5 1-0

[Event "Early-Titled-Tuesday-Blitz-March-05-2024"]
[Site "Chess.com"]
[Date "2024.03.05"]
[Round "3"]
[White "NovozhilovSemen"]
[Black "Antipov_Mikhail_Al"]
[Result "0-1"]
[WhiteElo "2643"]
[BlackElo "2942"]
[TimeControl "180+1"]
[EndTime "8:32:56 PST"]
[Termination "Antipov_Mikhail_Al won by checkmate"]

1. d4 Nf6 2. Nf3 d5 3. c4 e6 4. g3 Bb4+ 5. Bd2 Be7 6. Bg2 O-O 7. O-O h6 8. Qc2 Nbd7 9. Rd1 c6 10. b3 Ne4 11. Bf4 g5 12. Bc1 Bd6 13. Nc3 f5 14. Bb2 Qf6 15. Ne1 h5 16. f3 Nxg3 17. hxg3 Bxg3 18.
e3 Rf7 19. Ne2 Bd6 20. f4 Rg7 21. Nf3 g4 22. Ne5 h4 23. Kf2 Nf8 24. Rh1 Bd7 25.
c5 Bc7 26. Ke1 Be8 27. Kd2 Rh7 28. Rag1 Bh5 29. Bf1 Kh8 30. Nc1 Rg7 31. Ne2 Nh7 32. Kc1 Rag8 33. Nc3 Bd8 34. Ne2 Qh6 35. Bc3 g3 36.
Bg2 Nf6 37. Bf3 Ne4 38. Be1 Bf6 39. Qd1 Bxf3 40. Nxf3 Rg4 41. Nd2 R8g6 42. Nxe4 dxe4 43. Nxg3 b6 44. cxb6 axb6 45. Ne2 Kg7 46. Rxg4 fxg4 47. Nc3 g3 48. Rh3 g2 49. Bf2 Kf7 50. Nxe4 Rg7 51.
Nxf6 Qxf6 52. Bg3 Rxg3 53. Rxg3 hxg3 54. Qg1 Qh4 55. Qxg2 Qh2 56. Qxc6 Qg1+ 57. Kb2 Qf2+ 58. Ka3 g2 59. Qd7+ Kf6 60. Qd8+ Kf5 61. Qg8 Ke4 62. Qxe6+ Kd3 63. Qg6+ Kd2 64. d5 g1=Q 65. Qe4 Qxe3 66.
Qb4+ Kc2 67. Qc4+ Qc3 68. Qe4+ Kc1 69. d6 Qgc5+ 70. Qb4 Q5xb4# 0-1

[Event "Early-Titled-Tuesday-Blitz-March-05-2024"]
[Site "Chess.com"]
[Date "2024.03.05"]
[Round "3"]
[White "IMRosen"]
[Black "BilodeauA"]
[Result "0-1"]
[WhiteElo "2667"]
[BlackElo "2993"]
[TimeControl "180+1"]
[EndTime "8:32:57 PST"]
[Termination "BilodeauA won by checkmate"]

1. e4 e5 2. Nf3 Nc6 3. c3 Nge7 4. d4 d6 5. Bc4 f6 6. Qb3 Ng6 7. Bf7+ Ke7 8. a4 Bd7 9. h4 Qc8 10. h5 Nf4 11. Bxf4 exf4 12. Nbd2 Nd8 13. Bc4 c6 14. Rh4 Ne6 15. Bxe6 Bxe6 16. d5 cxd5 17. exd5 Bd7 18. Rxf4 g6 19. Kf1 Bh6 20. Re1+ Kf7 21. Rfe4 Re8 22. Rxe8 Bxe8 23. Ne4 Bf8 24. c4 b6 25. Qc3 Qd8 26. Nd4 Be7 27. Ne6 Qc8 28.
b3 Bd7 29. hxg6+ hxg6 30. Qh3 Qh8 31. N6g5+ fxg5 32. Qxd7 Qe5 33. g3 Rh8 34. Kg2 g4 35.
Re3 Kf8 36. Qc8+ Kg7 37. Qd7 Kf8 38. Nc3 Qf6 39. Ne2 g5 40. Nd4 Rh2+ 41. Kxh2 Qxf2+ 42. Kh1 Qxe3 43. Ne6+ Kf7 44. Nd8+ Kf6 45. Qe6+ Qxe6 46.
Nxe6 Ke5 47. Kg2 Ke4 48. Kf2 Kd3 49. Nc7 Kc3 50. Nb5+ Kxb3 51. Nxa7 Bd8 52. Nc8 Bc7 53. c5 bxc5 54. a5 Bxa5 55. Nxd6 c4 56. Nb5 c3 57. d6 c2 58. Nd4+ Kc3 59. Nxc2 Kxc2 60. Ke3 Bd8 61. Ke4 Kd2 62. Kf5 Ke3 63. Kxg4 Ke4 64. Kh5 Ke5 65. Kg6 Kxd6 66. Kf5 Kd7 67. Kg6 Ke8 68. Kf5 Kf7 69. Ke5 Kg6 70. g4 Kf7 71. Kd6 Kf6 72. Kd5 Bc7 73. Ke4 Ke6 74. Kd4 Bb6+ 75. Ke4 Ba7 76. Kf3 Ke5 77. Kg2 Ke4 78.
Kh3 Kf4 79. Kh2 Kxg4 80. Kh1 Kf4 81. Kh2 g4 82. Kh1 Bb8 83. Kg1 g3 84. Kg2 Kg4 85. Kg1 Kh3 86. Kh1 g2+ 87. Kg1 Ba7# 0-1

[Event "Early-Titled-Tuesday-Blitz-March-05-2024"]
[Site "Chess.com"]
[Date "2024.03.05"]
[Round "3"]
[White "VladimirKramnik"]
[Black "Leonid_Starozhilov"]
[Result "1-0"]
[WhiteElo "2966"]
[BlackElo "2707"]
[TimeControl "180+1"]
[EndTime "8:32:58 PST"]
[Termination "VladimirKramnik won by resignation"]

1. c4 Nf6 2. Nc3 g6 3. g3 d6 4. Bg2 Bg7 5. e3 O-O 6. Nge2 c5 7. O-O Nc6 8. d4 a6 9. b3 Rb8 10. dxc5 dxc5 11. Qxd8 Nxd8 12. Bb2 b5 13. cxb5 axb5 14. Rfd1 Ne6 15. Rd2 Bb7 16. Rad1 Bxg2 17. Kxg2 Rfc8 18. Nf4 Nxf4+ 19. gxf4 c4 20. bxc4 bxc4 21. Ba1 e6 22. a4 h5 23. Rc2 Rb3 24. Nb5 Nd5 25. Bxg7 Kxg7 26. Kf3 c3 27. Nd4 Ra3 28. f5 gxf5 29. Nxf5+ exf5 30. Rxd5 Rxa4 31. Rxf5 Kg6 32. Rf4 Rac4 33.
h4 f5 34. Rd4 Kf6 35. Ke2 Rxd4 36. exd4 Rg8 37. Kd3 Rg4 38. Rxc3 Ke6 39. Rc6+ Ke7 40.
Kc4 Rxh4 41. Kd5 Rh1 42. Rc7+ Kf6 43. f4 Rf1 44. Rc6+ Kf7 45. Ke5 h4 46. Rh6 Re1+ 47. Kxf5 Rd1 48. Ke4 Re1+ 49. Kd3 Rd1+ 50. Ke3 Re1+ 51.
Kf3 Rd1 52. Ke4 Re1+ 53. Kd5 Rf1 54. Rxh4 Kf6 55. Kd6 Kf5 56. d5 Ra1 57. Kd7 Ra7+ 58. Kc6 Ra6+ 59. Kb5 Ra1 60. d6 Ke6 61. Rh6+ Kd7 62.
Kc5 Ra5+ 63. Kd4 Ra4+ 64. Ke5 Ra5+ 65. Kf6 Kxd6 66. f5 Kd7 67. Rh7+ Ke8 68. Rh8+ Kd7 69. Kg6 Ra1 70. f6 Rg1+ 71. Kf7 Rg2 72. Ra8 Rg1 73. Ra2 Rd1 74. Rg2 1-0

[Event "Early-Titled-Tuesday-Blitz-March-05-2024"]
[Site "Chess.com"]
[Date "2024.03.05"]
[Round "3"]
[White "Oleksandr_Bortnyk"]
[Black "Neijin"]
[Result "1/2-1/2"]
[WhiteElo "2965"]
[BlackElo "2716"]
[TimeControl "180+1"]
[EndTime "8:33:02 PST"]
[Termination "Game drawn - insufficient material"]

1. e4 e5 2. Nf3 Nc6 3. Bc4 Nf6 4.
O-O Nxe4 5. d4 d5 6. Bb5 exd4 7.
Nxd4 Bd7 8. Nc3 Nxc3 9. bxc3 Be7 10. Re1 O-O 11. Rb1 Bf6 12. Be3 Re8 13. Bd3 Nxd4 14. cxd4 Bc6 15. Qg4 g6 16. g3 Qd6 17. h4 h5 18. Qf3 Kg7 19. Bf4 Qd7 20. Bh6+ Kxh6 21. Qxf6 Re6 22. Qg5+ Kg7 23. Kg2 Rxe1 24. Rxe1 Re8 25.
Re5 Rxe5 26. dxe5 d4+ 27. f3 Qe6 28. Qf4 Kg8 29. Qxd4 Qxa2 30. Qd8+ Kg7 31. Qf6+ Kg8 32. Qd8+ Kg7 33. Kf2 Qd5 34. Qf6+ Kg8 35. Ke3 a5 36. g4 hxg4 37. fxg4 a4 38. h5 gxh5 39. gxh5 a3 40. h6 Qf3+ 41. Qxf3 Bxf3 42. Bc4 Bg4 43. h7+ Kxh7 44. Bxf7 Kg7 45. Bb3 Kf8 46. Kd4 Ke7 47.
Kc5 Be6 48. c4 Bd7 49. Kb4 Ke6 50. Kxa3 Kxe5 51. c5 Kd4 52. Kb4 Bc6 53. Bd1 Be4 54.
Bg4 Bd5 55. Bc8 Bc6 56. Be6 Ke5 57. Bc4 Bd7 58. Bf1 Kf6 59. Bg2 Bc8 60. Kb5 Ke7 61.
Bf3 Bd7+ 62. Ka5 Bc8 63. Bh1 Kd8 64. Bf3 Ke7 65. Bg2 Kf6 66. Kb5 Ke5 67. Bh1 Kd4 68.
Kb4 c6 69. Bg2 Be6 70. Bf3 Bd5 71. Bg4 Be4 72. Bc8 Bd5 73. Bxb7 Be4 74. Bc8 Bd5 75. Bd7 Be4 76. Be8 Bd5 77. Bg6 Bf3 78. Bf7 Be4 79. Be6 Bh1 80. Bf5 Bd5 81. Bh3 Be4 82. Bf1 Bd5 83.
Be2 Be4 84. Bh5 Bd5 85. Be8 Bh1 86. Ka5 Kxc5 87. Bxc6 1/2-1/2

[Event "Early-Titled-Tuesday-Blitz-March-05-2024"]
[Site "Chess.com"]
[Date "2024.03.05"]
[Round "3"]
[White "Austen48"]
[Black "Practical-Play"]
[Result "1-0"]
[WhiteElo "2284"]
[BlackElo "2519"]
[TimeControl "180+1"]
[EndTime "8:33:10 PST"]
[Termination "Austen48 won by checkmate"]

1. d4 Nf6 2. c4 a6 3. Nc3 c6 4. e4 b5 5. e5 Ng8 6. Nf3 d6 7. h3 g6 8. Bd3 Bg7 9. O-O dxe5 10. dxe5 Qc7 11. Qe2 h5 12. Bf4 Nh6 13. Rac1 b4 14. Ne4 Nd7 15. Nd6+ Kf8 16. e6 exd6 17. exd7 Bxd7 18.
Ng5 Re8 19. Qf3 c5 20. Bxg6 Bc6 21.
Be4 Bxe4 22. Nxe4 Nf5 23. Rcd1 Nd4 24. Rxd4 Qd7 25. Rxd6 Qf5 26. Ng3 Qc2 27. Rd7 Qg6 28. Nf5 Bxb2 29. Bd6+ Kg8 30. Ne7+ Rxe7 31. Rxe7 Kh7 32.
Rxf7+ Kg8 33. Rf8+ Kh7 34. Qf7+ Qxf7 35. Rxf7+ Kg6 36. Ra7 Bd4 37. Rxa6 Kf5 38. g3 Ke4 39. Kg2 Kd3 40. Bf4 Kxc4 41. Be3 Kb5 42. Bxd4 cxd4 43.
Rd6 Ra8 44. Rxd4 Rxa2 45. Rb1 Kc5 46. Rdxb4 Kd6 47. Rb6+ Kc7 48. R1b5 h4 49. g4 Rc2 50. Rb7+ Kc6 51. Rb8 Kd7 52. Rd5+ Kc6 53. Rd3 Kc7 54. Rbb3 Ra2 55. Rbc3+ Kb6 56. Rd1 Kb5 57. Rb1+ Ka6 58. Rc8 Ka7 59. g5 Ra5 60. f4 Ra2+ 61. Kf3 Rh2 62.
Kg4 Rg2+ 63. Kxh4 Rf2 64. Kg4 Ra2 65. g6 Rg2+ 66. Kf5 Ra2 67. Rc7+ Ka6 68. Rc6+ Ka7 69. g7 Ra5+ 70. Kf6 Ra2 71. Rc7+ Ka6 72. Rc8 Ka7 73. Rcb8 Ra6+ 74. Kf7 Ra4 75. R1b7+ Ka6 76. Ra8+ Kxb7 77. Rxa4 Kc6 78. f5 Kb5 79. f6 Kc5 80. g8=Q Kd5 81.
Qg5+ Kc6 82. Qe5 Kb6 83. Qa5+ Kc6 84. Rc4+ Kd6 85. Qc5+ Kd7 86. Rd4# 1-0

[Event "Early-Titled-Tuesday-Blitz-March-05-2024"]
[Site "Chess.com"]
[Date "2024.03.05"]
[Round "3"]
[White "ilya2700"]
[Black "HelvertHernandez"]
[Result "0-1"]
[WhiteElo "2335"]
[BlackElo "2029"]
[TimeControl "180+1"]
[EndTime "8:33:10 PST"]
[Termination "HelvertHernandez won by resignation"]

1. d4 Nf6 2. c4 g6 3. Nc3 Bg7 4.
e4 d6 5. f4 O-O 6. Nf3 e5 7. fxe5 dxe5 8. d5 Bg4 9. Be2 Bxf3 10. Bxf3 Na6 11. O-O Nd7 12. Be3 f5 13. Rb1 Nac5 14.
b4 Nxe4 15. Nxe4 fxe4 16. Bxe4 Qh4 17. Qd3 Nf6 18. Bf3 e4 19. g3 Qxh2+ 20. Kxh2 exd3 21. Rbd1 Rae8 22. Bc5 Rf7 23. Rxd3 b6 24. Bd4 Ng4+ 25.
Kg1 Bxd4+ 26. Rxd4 Ne3 27. Rf2 Nf5 28. Rd1 Nxg3 29.
d6 Kg7 30. Bc6 Rd8 31. Rxf7+ Kxf7 32. Bd5+ Kf6 33. dxc7 Rc8 34. Kg2 Nf5 35. Rh1 h5 36.
Re1 Rxc7 37. Re6+ Kg5 38. Re8 Re7 39. Ra8 Ne3+ 40. Kf3 Nxd5 41. cxd5 h4 42. Rh8 Rf7+ 43. Kg2 Rd7 44. Ra8 Rxd5 45. Rxa7 Rd2+ 46. Kh3 Rd3+ 47. Kh2 Kg4 48. b5 Rd2+ 49. Kg1 g5 50. Ra4+ Kf3 51. Ra3+ Kf4 52. Ra4+ Kf5 53. Ra6 g4 54. Rxb6 Rxa2 55. Rb8 h3 56. Rf8+ Kg5 57. b6 Rb2 58. Rg8+ Kh4 59. Rc8 Rxb6 60. Rc3 Rf6 61. Kh2 Rf3 62.
Rc1 Rf2+ 63. Kg1 Kg3 64. Rc3+ Rf3 65. Rc1 Re3 66. Kh1 Kf3 67. Rf1+ Ke4 68. Ra1 g3 69. Ra4+ Kf3 70. Ra1 Rd3 71. Rf1+ Ke3 72. Re1+ Kf2 73. Rf1+ Ke2 74. Ra1 Rd1+ 75. Rxd1 Kxd1 76. Kg1 Ke2 77. Kh1 g2+ 78. Kg1 Ke3 79. Kh2 Kf2 0-1

[Event "Early-Titled-Tuesday-Blitz-March-05-2024"]
[Site "Chess.com"]
[Date "2024.03.05"]
[Round "3"]
[White "LeoLV10"]
[Black "SashaKuzhilniy"]
[Result "1/2-1/2"]
[WhiteElo "2472"]
[BlackElo "2628"]
[TimeControl "180+1"]
[EndTime "8:33:13 PST"]
[Termination "Game drawn by repetition"]

1. e4 e6 2. d4 d5 3. e5 c5 4.
c3 Nc6 5. Nf3 Bd7 6. Be2 Nge7 7.
O-O Nf5 8. Bd3 cxd4 9. Bxf5 exf5 10. cxd4 Be6 11. Nc3 Be7 12. a3 g5 13. b4 Rc8 14.
Qd3 f4 15. Nd2 Qd7 16. Nb3 b6 17. Bb2 h5 18. Rac1 h4 19. Rfe1 Kf8 20. Nb5 Kg7 21.
Nd6 Bxd6 22. exd6 Qxd6 23. Nc5 Rce8 24. h3 Bc8 25. Qd2 Qg6 26. Nd3 Bf5 27. Ne5 Nxe5 28. dxe5 Be6 29. f3 Rc8 30. Bd4 Rc4 31. Rxc4 dxc4 32.
Qc3 Rd8 33. Re4 Kh7 34. Kh2 Rd7 35. a4 Qg8 36. a5 b5 37. Bc5 Rd3 38. Qc2 a6 39.
Rd4 Qg6 40. Rd6 Rxd6 41. Qxg6+ Kxg6 42. exd6 c3 43. Bd4 c2 44. Bb2 Kf5 45. Kg1 Bd7 46. Kf2 Ke6 47. Ke2 Kxd6 48. Kd2 Ke7 49. Kxc2 Be6 50.
Kd2 Bc4 51. Ke1 Ke6 52. Kf2 f6 53. Bd4 Kf5 54. Bc3 Kg6 55. Bd4 Bd3 56. Bb6 Kf7 57. Bd8 Ke6 58. Kg1 Bc4 59. Kf2 Bd5 60. Kg1 Kf5 61. Kf2 Kg6 62. Be7 f5 63. Bd8 Bc6 64. Be7 Bb7 65. Bd8 Kh5 66. Bc7 Kh6 67. Bd6 Kg6 68.
Be7 Kh6 69. Bd8 Kh5 70. Bc7 Bd5 71. Bd6 Bc4 72. Bc7 Kg6 73. Bd6 Kf6 74. Bc7 Ke7 75. Be5 Bd5 76. Bd4 Ke6 77. Bb6 g4 78. fxg4 fxg4 79.
hxg4 Ke5 80. Bd8 Be6 81. Bxh4 Bxg4 82. Be7 Ke4 83. Bc5 Be6 84. Bf8 Bd5 85. Bc5 Bc6 86.
Bf8 Kd3 87. Bd6 Kc4 88. Bc5 Bd5 89. g4 fxg3+ 90. Kxg3 Bb7 91. Kf4 Kd5 92. Kf5 Kc6 93.
Ke6 Bc8+ 94. Ke7 Bh3 95. Kd8 Kb7 96. Ke7 Bf1 97. Kd6 Bc4 98. Bd4 Bb3 99. Bc5 Bc4 100. Bb6 Bb3 101. Kc5 Bc4 102. Bd8 Ba2 103. Bf6 Bc4 104.
Bc3 Bg8 105. Kd6 Bc4 106. Bd4 Bg8 107. Bc5 Bc4 1/2-1/2

[Event "Early-Titled-Tuesday-Blitz-March-05-2024"]
[Site "Chess.com"]
[Date "2024.03.05"]
[Round "3"]
[White "Bilan_Danila"]
[Black "AlexandraSamaganova"]
[Result "1-0"]
[WhiteElo "2542"]
[BlackElo "2305"]
[TimeControl "180+1"]
[EndTime "8:33:17 PST"]
[Termination "Bilan_Danila won by checkmate"]

1. d4 Nf6 2. Nf3 e6 3. g3 b6 4. Bg2 Bb7 5. O-O Be7 6. c4 O-O 7. d5 d6 8. Nc3 e5 9. e4 Nbd7 10.
Nh4 Ne8 11. Nf5 Bf6 12. Be3 Kh8 13. b4 g6 14. Nh6 Bg7 15. Bh3 Ndf6 16. Bg5 Bc8 17. Bg2 Qd7 18. c5 bxc5 19. bxc5 dxc5 20.
Na4 Qb5 21. Rc1 Qb4 22. Nxc5 Nd6 23. Re1 Ng8 24. Nxg8 Kxg8 25. Nd3 Qa5 26. Qd2 Qb6 27. Rc6 Qd4 28. Be3 Qa4 29. Nc5 Qa3 30. Rxc7 Nc4 31. Qc1 Qxc1 32. Bxc1 Nd6 33. Bg5 f6 34. Be3 Rb8 35.
Bf1 Rb2 36. Rc1 Bg4 37. Ne6 Bxe6 38. dxe6 Nxe4 39. e7 Re8 40. Rc8 Rb8 41. Rxb8 Rxb8 42. Bb5 Nd6 43. Bd7 Kf7 44. Bxa7 Ra8 45. Bc5 Kxe7 46. Bh3 f5 47. Rd1 Rd8 48. Bg2 Ke6 49. Bd5+ Ke7 50. a4 e4 51. a5 Be5 52. a6 Rb8 53. a7 Rc8 54. a8=Q Rxa8 55. Bxa8 e3 56. Bxd6+ Bxd6 57. fxe3 Bc5 58. Kf2 g5 59. Bd5 f4 60.
gxf4 gxf4 61. Kf3 fxe3 62. Be4 Bb6 63. Rb1 Bd4 64. Bxh7 Ke6 65. Be4 Ba7 66. Rg1 Kf7 67. Rg2 Bd4 68. h4 Bf6 69. h5 Bg7 70. Kxe3 Bh6+ 71.
Kf3 Bc1 72. Rg6 Bd2 73. h6 Kf8 74. h7 Bc3 75. Rg8+ Kf7 76. h8=Q Bxh8 77. Rxh8 Ke6 78.
Rh5 Kd6 79. Rd5+ Ke7 80. Kf4 Ke6 81. Kg5 Ke7 82. Kf5 Ke8 83. Kf6 Kf8 84. Rd8# 1-0

[Event "Early-Titled-Tuesday-Blitz-March-05-2024"]
[Site "Chess.com"]
[Date "2024.03.05"]
[Round "3"]
[White "SaqoChess_Twitch"]
[Black "Igor_Lysyj"]
[Result "1-0"]
[WhiteElo "2589"]
[BlackElo "2828"]
[TimeControl "180+1"]
[EndTime "8:33:19 PST"]
[Termination "SaqoChess_Twitch won on time"]

1. d4 d5 2. c4 e6 3. Nc3 c5 4. cxd5 exd5 5. Nf3 Nc6 6. g3 Nf6 7. Bg2 cxd4 8. Nxd4 Bc5 9. Nxc6 bxc6 10.
O-O O-O 11. Na4 Bb6 12. b3 Ba6 13. Bb2 Re8 14. Re1 Ne4 15. Nxb6 axb6 16. f3 Nf6 17. e4 dxe4 18. fxe4 Qe7 19. e5 Nd5 20.
Bxd5 Rad8 21. e6 Qc5+ 22. Qd4 Rxd5 23. Qxc5 Rxc5 24. exf7+ Kxf7 25. Rxe8 Kxe8 26. Bxg7 Rc2 27. Bd4 c5 28. Bf2 Bb7 29. h3 h5 30. g4 hxg4 31. hxg4 Kf7 32. a4 Bd5 33. a5 bxa5 34. Rxa5 Bxb3 35.
Bxc5 Kg6 36. Be3 Be6 37. g5 Bg4 38. Ra6+ Kf5 39. g6 Rc7 40. Bh6 Bh5 41. g7 Bf7 42.
Ra8 Kg4 43. g8=Q+ Bxg8 44. Rxg8+ Kf3 45. Rf8+ Ke2 46. Kg2 Rb7 47. Re8+ Kd3 48. Kf3 Rh7 49.
Bf4 Rh3+ 50. Bg3 Kc2 51. Rd8 Kb3 52. Rc8 Rh7 53. Ke4 Rh3 54. Be5 Rh4+ 55. Kd5 Ka4 56. Bd4 Ka3 57. Rb8 Ka2 58. Kc4 Rh7 59. Ra8+ Kb1 60. Rb8+ Kc2 61. Rb2+ Kc1 62. Rg2 Rc7+ 63.
Kd3 Kb1 64. Rb2+ Kc1 65. Ra2 Kd1 66. Be3 Rd7+ 67. Bd4 Rc7 68. Rd2+ Kc1 69. Rf2 Kb1 70. Rf5 Kc1 71. Bb6 Rd7+ 72. Kc3 Kd1 73. Bd4 Ke2 74.
Rf2+ Ke1 75. Ra2 Kf1 76. Kd3 Rd8 77. Ra1+ Kg2 78. Ke4 Re8+ 79. Be5 Rc8 80. Ra2+ Kf1 81. Bf4 Rc4+ 82. Kf3 Rc3+ 83. Be3 1-0

[Event "Early-Titled-Tuesday-Blitz-March-05-2024"]
[Site "Chess.com"]
[Date "2024.03.05"]
[Round "3"]
[White "Hikaru"]
[Black "vovachesss"]
[Result "1/2-1/2"]
[WhiteElo "3274"]
[BlackElo "2799"]
[TimeControl "180+1"]
[EndTime "8:33:29 PST"]
[Termination "Game drawn by repetition"]

1. Nf3 d5 2. e3 Nf6 3. b3 Bg4 4. h3 Bxf3 5. Qxf3 Nbd7 6. Bb2 e5 7. d3 c6 8. g3 Bd6 9. Bg2 Qe7 10. Qe2 O-O 11.
a3 a5 12. O-O Rfe8 13. Nd2 Rad8 14. c4 e4 15. cxd5 exd3 16. Qxd3 Ne5 17. Qc2 Nxd5 18. Ne4 Bb8 19. Bd4 Nd7 20. Rad1 Be5 21. Bxe5 Nxe5 22.
Qc1 Nf6 23. Nxf6+ Qxf6 24. Qc5 Nf3+ 25. Bxf3 Qxf3 26. Rxd8 Rxd8 27. Qxa5 Qd5 28. Qb6 Rd7 29. a4 h5 30. a5 h4 31. a6 bxa6 32. Qxa6 hxg3 33. fxg3 Qe6 34. Qe2 Qxh3 35. Qf3 Qe6 36. Ra1 Rd5 37. e4 Re5 38. Ra8+ Kh7 39. Ra4 Rc5 40. Kf2 Rc2+ 41. Ke1 Qe5 42. Qf5+ Qxf5 43.
exf5 Rc3 44. Kf2 Rxb3 45. Ra7 f6 46. Rc7 Rc3 47. g4 Kh6 48. Kg2 c5 49. Kf2 c4 50. Ke2 Rc2+ 51. Kf3 c3 52. Rc8 Kh7 53. Kg3 Rc1 54. Rc7 Kh6 55. Kh2 c2 56. Kg2 g6 57.
fxg6 Kxg6 58. Rc5 Kh6 59. g5+ fxg5 60. Rc8 Kh5 61. Rc7 Kg4 62. Rc8 Kh4 63. Rc7 g4 64.
Rh7+ Kg5 65. Rc7 Kf4 66. Rc8 Ke3 67. Re8+ Kd3 68. Rd8+ Kc3 69. Rc8+ Kb3 70. Rb8+ Kc4 71. Rc8+ Kd5 72. Rd8+ Kc6 73. Rc8+ Kd7 74. Rc3 Ke6 75. Kh2 Ke5 76. Rc8 g3+ 77. Kg2 Ke4 78. Re8+ Kd5 79.
Rd8+ Ke6 80. Rc8 Kd7 81. Rc3 Kd6 82. Rc4 Kd5 83. Rc8 Kd6 84. Rc3 Kd5 85. Rc8 Kd6 86.
Rc3 Kd5 87. Rc7 Kd6 88. Rc8 Kd7 89. Rc3 Kd6 90. Rc4 Kd5 91. Rc7 Ke4 92. Rc8 Kd3 93.
Rd8+ Kc3 94. Rc8+ Kb3 95. Rb8+ Ka4 96. Rc8 Kb5 97. Rb8+ Kc4 98. Rc8+ Kd3 99. Rd8+ Kc3 100. Rc8+ Kd4 101. Rd8+ Kc5 102. Rc8+ Kd6 1/2-1/2

[Event "Early-Titled-Tuesday-Blitz-March-05-2024"]
[Site "Chess.com"]
[Date "2024.03.05"]
[Round "3"]
[White "GMG"]
[Black "ChessLover0108"]
[Result "1-0"]
[WhiteElo "2723"]
[BlackElo "2952"]
[TimeControl "180+1"]
[EndTime "8:33:30 PST"]
[Termination "GMG won by resignation"]

1. d4 Nf6 2. c4 g6 3. Nf3 Bg7 4. g3 c5 5. Bg2 Qa5+ 6. Nc3 Ne4 7. Bd2 Nxd2 8. Qxd2 Nc6 9. e3 d6 10. h3 O-O 11. O-O Rd8 12. Rfd1 Rb8 13. Nd5 Qxd2 14. Rxd2 b6 15. Rc1 Bb7 16. b3 Kf8 17. Rcd1 Rbc8 18. Nc3 e6 19. Ne2 Ke7 20. Nf4 Nb4 21. a3 Na6 22. Ng5 Bxg2 23. Kxg2 cxd4 24. exd4 h6 25. Nf3 Nc7 26. b4 a5 27. Nd3 axb4 28.
axb4 d5 29. c5 Nb5 30. Nde5 bxc5 31. bxc5 Rc7 32. h4 Ra8 33. Re1 Nc3 34. Re3 Ne4 35.
Rb2 Ra4 36. Rb6 Bxe5 37. Nxe5 Kf6 38. f3 Ra2+ 39. Kg1 Nd2 40. Ng4+ Kg7 41. Rb8 Nc4 42.
Reb3 Rca7 43. Rb1 Ra1 44. Rxa1 Rxa1+ 45. Kg2 Rc1 46. Rb7 h5 47. Nf2 Ne3+ 48. Kh2 Rc2 49. Kg1 Rc1+ 50. Kh2 Rf1 51. Nh3 Rxf3 52. Ng5 Rf2+ 53.
Kg1 Rf1+ 54. Kh2 Kg8 55. c6 Rc1 56. c7 Kg7 57. Nxe6+ Kf6 58. Nc5 Ng4+ 59. Kg2 Rc2+ 60. Kf1 Rc1+ 61. Ke2 Rc2+ 62. Kd1 Ne3+ 63. Ke1 Ng2+ 64.
Kf1 Ne3+ 65. Kg1 Rc1+ 66. Kf2 Ng4+ 67. Kf3 Rc3+ 68. Ke2 Rc2+ 69. Kd3 Rg2 70. c8=Q Rxg3+ 71. Kd2 Rg2+ 72. Kc1 Rg1+ 73. Kb2 Rg2+ 74. Ka3 Ne3 75. Qd8+ Kf5 76. Qc8+ Kf4 77. Rxf7+ Kg3 78. Ne4+ dxe4 79.
Qc3 Re2 80. d5 Kg4 81. d6 Nc2+ 82. Kb3 Ne3 83. d7 Nd5 84. Qc4 Re3+ 85. Kb2 Nb6 86. Qe6+ Kg3 87. Qxb6 1-0